 Dungeon Crawl Stone Soup version 0.18.1-48-g4cf74bf (webtiles) character file.

65 MicroMarszaL the Ruffian (level 4, 0/29 HPs)
             Began as a Gargoyle Monk on June 30, 2016.
             Slain by a gnoll
             ... wielding a cursed -3 spear
              (4 damage)
             ... on level 2 of the Dungeon.
             The game lasted 00:07:47 (1549 turns).

MicroMarszaL the Ruffian (Gargoyle Monk)            Turns: 1549, Time: 00:07:48

Health: 0/29       AC:  5    Str: 18    XL:     4   Next: 13%
Magic:  4/4        EV:  8    Int: 10    God:
Gold:   89         SH:  0    Dex: 12    Spells: 0 memorised, 3 levels left

rFire  . . .     SeeInvis .       - Unarmed
rCold  . . .     Gourm    .     a - +0 robe
rNeg   + . .     Faith    .     (no shield)
rPois  ∞         Spirit   .     (no helmet)
rElec  +         Dismiss  .     (no cloak)
rCorr  .         Reflect  .     (no gloves)
SustAt .         Harm     .     (no boots)
MR     .....                    (no amulet)
Stlth  ++........               (no ring)
                                (no ring)

@: not resistant to hostile enchantments, unstealthy
A: negative energy resistance 1, electricity resistance, strong 1, unbreathing,
petrification resistance, rot immunity, AC +3
a: no special abilities


You were on level 2 of the Dungeon.
You were very hungry.

You visited 1 branch of the dungeon, and saw 2 of its levels.

You collected 89 gold pieces.

Inventory:

Armour
 a - a +0 robe (worn)
 c - a +0 robe
Wands
 i - a wand of digging (11/24)
 p - a wand of random effects (44/48)
Scrolls
 d - 2 scrolls of random uselessness {unknown}
 e - a scroll of remove curse {unknown}
 g - 3 scrolls of teleportation {unknown}
 j - a scroll of blinking {unknown}
 k - a scroll of enchant armour {unknown}
 l - a scroll of fear {unknown}
Potions
 f - a potion of brilliance {unknown}
 h - a potion of cancellation {unknown}
 m - a potion of degeneration {unknown}
Comestibles
 b - 2 bread rations
 n - 2 meat rations


   Skills:
 + Level 3.7 Fighting
 + Level 3.0 Dodging
 + Level 2.3 Stealth
 + Level 4.8 Unarmed Combat


You had 3 spell levels left.
You didn't know any spells.

Dungeon Overview and Level Annotations

Branches:
Dungeon (2/15)

Altars:
Xom


Innate Abilities, Weirdness & Mutations

You are resistant to torment.
Your stone body is resilient (AC +3).
You are immune to poison.
You resist negative energy.
You are resistant to electric shocks.
You can survive without breathing.
You are immune to petrification.
You are immune to rotting.
Your muscles are strong. (Str +2)


Message History

The gnoll hits you with a spear. The gnoll misses you.
The gnoll hits you with a spear.
* * * LOW HITPOINT WARNING * * *
The gnoll barely misses you.
You hit the gnoll.
The gnoll is heavily wounded.
The gnoll hits you from afar with a spear.
* * * LOW HITPOINT WARNING * * *
The gnoll hits you but does no damage.
Things that are here:
a spear; an adder corpse; a gnoll corpse It was a potion of beneficial mutation.
You feel stronger.
You feel fantastic! The gnoll hits you with a club.
* * * LOW HITPOINT WARNING * * *
You see here a giant gecko skeleton.
There is a stone staircase leading up here.
The gnoll barely misses you.
The gnoll hits you from afar with a spear.
You die...

#.## ##..#.#
#.####.#####.#
##.###.##.## #.##
#........ ##.#.###.#
#..# #######.. ##.##
#.# ##.# #..
........# #.## #.#
#.. ######### ##.#
#.# #.† #.####.##
###.. #....÷..####
#..g. #@gg.g#....#
#.#..
###.......##.###.##.
#...##.#.###.....##.
#...##.#.##########.
######.........####.
###...b.#..b.#.
#####.#..b.#.
##.#._..# #......##.


You could see 3 gnolls.

Vanquished Creatures
  A gnoll (D:2)
  An adder (D:2)
  An ooze (D:2)
  2 dart slugs (D:2)
  A giant gecko (D:2)
  6 bats
  2 giant cockroaches (D:1)
  5 hobgoblins
  A quokka (D:2)
  4 giant newts
  4 goblins
  8 kobolds
  2 rats (D:1)
38 creatures vanquished.

Notes
Turn   | Place    | Note
--------------------------------------------------------------
     0 | D:1      | MicroMarszaL the Gargoyle Monk began the quest for the Orb.
     0 | D:1      | Reached XP level 1. HP: 14/14 MP: 1/1
   360 | D:1      | Reached XP level 2. HP: 17/19 MP: 2/2
   849 | D:1      | Reached XP level 3. HP: 23/23 MP: 3/3
  1296 | D:2      | Found a shimmering altar of Xom.
  1517 | D:2      | Reached XP level 4. HP: 18/29 MP: 4/4
  1534 | D:2      | Gained mutation: Your muscles are strong. (Str +2) [potion of beneficial mutation]
  1549 | D:2      | Slain by a gnoll

Skill      XL: |  1  2  3 |
---------------+----------+-----
Dodging        | 3 |  3.0
Fighting       | |  3.7
Stealth        | |  2.3
Unarmed Combat | |  4.8

Action                   |  1- 3 |  4- 6 || total
-------------------------+-------+-------++-------
Melee: Unarmed           |   168 |     5 ||   173
       Punch             |     3 |     1 ||     4
  Use: Potion            |       |     1 ||     1
 Stab: Sleeping          |     4 |       ||     4
  Eat: Chunk             |     1 |       ||     1
Armor: Robe              |    61 |     2 ||    63
Dodge: Dodged            |   100 |     3 ||   103
